Match 41393675
Unlisted

Match 41393675
End
Panzergrenadier Squad
250 Light Carrier
Panzergrenadier Squad
Construct Light Support Kompanie
MG34 Team
Fire Support Elements
Panzerjäger Squad
Selects Panzerjäger Kommand Battlegroup
Selects Mine Fields
Selects Tank Busters
Assault Mechanized Group
Flakvierling Half-track
Panzerjäger Squad
Selects Defensive Positions
Vehicle Survival Package
Construct Panzerarmee Kommand
Selects Butterfly Bomb Drop
Walking Stuka Rocket Launcher
Panzer III L Medium Tank
Panzer III L Medium Tank
Emergency Repair Kits
Selects Crew Shock Tactics
Tungsten Core Ammunition
Butterfly Bomb Drop
Selects Elefant Tank Destroyer
Selects Elefant Tank Destroyer
Elefant Tank Destroyer
カルト_くん
rlclemares
2war
Numenour
0
0

Comments sign in to comment!

No comments posted yet!